EL
SAN JOSE GIANTS @ MOBILE BAYBEARS
08/05/2047
 
TOP OF THE 1ST
San Jose Giants batting - Pitching for Mobile BayBears : LHP Jesus Gallegos
Pitching: LHP Jesus Gallegos
Batting: RHB Cesar Martinez 0-0: Ball
1-0: Called Strike
1-1: SINGLE (Groundball, 4MD, EV 107.5 MPH)
Batting: RHB Dave Crouch 0-0: Ball
1-0: Ball
2-0: Ball
3-0: DOUBLE (Line Drive, 78D, EV 103.8 MPH)
Cesar Martinez to third
Batting: RHB Mike Buchanan 0-0: Swinging Strike
0-1: Called Strike
0-2: Ground out 5-3 (Groundball, 5S, EV 85.0 MPH)
Batting: RHB Dinand Brouwer 0-0: Ball
1-0: Ball
2-0: SINGLE (Flyball, 6MD, EV 84.4 MPH)
Cesar Martinez scores
Dave Crouch to third
Batting: RHB Justin Baldwin 0-0: Called Strike
0-1: Grounds into double play, 6-4-3 (Groundball, 56, EV 108.1 MPH)
Top of the 1st over - 1 run, 3 hits, 0 errors, 1 left on base; San Jose 1 - Mobile 0
BOTTOM OF THE 1ST
Mobile BayBears batting - Pitching for San Jose Giants : RHP Pat Wiggins
Pitching: RHP Pat Wiggins
Batting: LHB Kevin Ferguson 0-0: Ball
1-0: Ball
2-0: Foul Ball, location: 2F
2-1: Called Strike
2-2: Foul Ball, location: 2F
2-2: Ball
3-2: Foul Ball, location: 2F
3-2: Fly out, F4 (Flyball, 4MD, EV 83.8 MPH)
Batting: LHB Jeff Densmore 0-0: Fly out, F9 (Flyball, 9, EV 90.0 MPH)
Batting: LHB Soo-yeon Kym 0-0: Ball
1-0: Ball
2-0: Called Strike
2-1: Ball
3-1: Foul Ball, location: 2F
3-2: SINGLE (Groundball, 34D, EV 102.5 MPH)
Batting: RHB Edgar Garcia 0-0: Ball
1-0: Foul Ball, location: 2F
1-1: Swinging Strike
1-2: Ball
2-2: Ball
3-2: Strikes out swinging
Bottom of the 1st over - 0 runs, 1 hit, 0 errors, 1 left on base; San Jose 1 - Mobile 0
TOP OF THE 2ND
San Jose Giants batting - Pitching for Mobile BayBears : LHP Jesus Gallegos
Batting: RHB Nick Wicker 0-0: Called Strike
0-1: Swinging Strike
0-2: Ball
1-2: Ball
2-2: Ball
3-2: Foul Ball, location: 2F
3-2: Fly out, F9 (Flyball, 9S, EV 93.8 MPH)
Batting: RHB Yutaka Oki 0-0: SINGLE (Flyball, 4MD, EV 85.0 MPH)
Batting: LHB Jared Paige 0-0: Called Strike
0-1: Hit by Pitch
Yutaka Oki to second
Batting: LHB Cesar Arteaga 0-0: Called Strike
0-1: Ball
1-1: Swinging Strike
1-2: Fly out, F4 (Popup, 4D, EV 70.0 MPH)
Batting: RHB Cesar Martinez 0-0: Ball
1-0: Foul Ball, location: 2F
1-1: Ball
2-1: Foul Ball, location: 2F
2-2: Foul Ball, location: 2F
2-2: Ground out 4-3 (Groundball, 4, EV 106.2 MPH)
Top of the 2nd over - 0 runs, 1 hit, 0 errors, 2 left on base; San Jose 1 - Mobile 0
BOTTOM OF THE 2ND
Mobile BayBears batting - Pitching for San Jose Giants : RHP Pat Wiggins
Batting: LHB T.J. Duvall 0-0: Ball
1-0: Ball
2-0: Ball
3-0: Called Strike
3-1: SOLO HOME RUN (Flyball, 9D, EV 95.0 MPH), Distance : 375 ft
Batting: RHB Carlos Ballesteros 0-0: Ball
1-0: Swinging Strike
1-1: Ball
2-1: Ball
3-1: Called Strike
3-2: Foul Ball, location: 2F
3-2: Strikes out swinging, 2-3 out at first.
Batting: RHB Franklin Villanueva 0-0: Called Strike
0-1: Ground out 6-3 (Groundball, 6, EV 100.6 MPH)
Batting: LHB Enrique Andrade 0-0: Called Strike
0-1: Swinging Strike
0-2: Foul Ball, location: 2F
0-2: Strikes out looking
Bottom of the 2nd over - 1 run, 1 hit, 0 errors, 0 left on base; San Jose 1 - Mobile 1
TOP OF THE 3RD
San Jose Giants batting - Pitching for Mobile BayBears : LHP Jesus Gallegos
Batting: RHB Dave Crouch 0-0: Ball
1-0: Fly out, F7 (Flyball, 7, EV 90.6 MPH)
Batting: RHB Mike Buchanan 0-0: Foul Ball, location: 2F
0-1: Ball
1-1: Ball
2-1: Ball
3-1: Called Strike
3-2: Foul Ball, location: 2F
3-2: SINGLE (Line Drive, 89S, EV 93.1 MPH)
Batting: RHB Dinand Brouwer 0-0: Ball
Mike Buchanan is caught stealing 2nd base 2-4
1-0: Ball
2-0: Swinging Strike
2-1: Ground out 6-3 (Groundball, 6, EV 85.6 MPH)
Top of the 3rd over - 0 runs, 1 hit, 0 errors, 0 left on base; San Jose 1 - Mobile 1
BOTTOM OF THE 3RD
Mobile BayBears batting - Pitching for San Jose Giants : RHP Pat Wiggins
Batting: RHB Curt Barrett 0-0: Called Strike
0-1: Fly out, F3 (Popup, 3SF, EV 78.1 MPH)
Batting: LHB Kevin Ferguson 0-0: Called Strike
0-1: Ball
1-1: Ball
2-1: Foul Ball, location: 2F
2-2: Ball
3-2: Fly out, F8 (Flyball, 8LD, EV 80.0 MPH)
Batting: LHB Jeff Densmore 0-0: Ball
1-0: Called Strike
1-1: Ball
2-1: DOUBLE (Line Drive, 9LM, EV 100.6 MPH)
Batting: LHB Soo-yeon Kym 0-0: Ball
1-0: Ball
2-0: Ball
3-0: Called Strike
3-1: Ground out 5-3 (Groundball, 56S, EV 85.0 MPH)
Bottom of the 3rd over - 0 runs, 1 hit, 0 errors, 1 left on base; San Jose 1 - Mobile 1
TOP OF THE 4TH
San Jose Giants batting - Pitching for Mobile BayBears : LHP Jesus Gallegos
Batting: RHB Justin Baldwin 0-0: Ground out U3 (Groundball, 3L, EV 80.6 MPH)
Batting: RHB Nick Wicker 0-0: Ground out 5-3 (Groundball, 56, EV 95.0 MPH)
Batting: RHB Yutaka Oki 0-0: Ball
1-0: Ball
2-0: Called Strike
2-1: Ball
3-1: Fly out, F7 (Flyball, 7D, EV 79.4 MPH)
Top of the 4th over - 0 runs, 0 hits, 0 errors, 0 left on base; San Jose 1 - Mobile 1
BOTTOM OF THE 4TH
Mobile BayBears batting - Pitching for San Jose Giants : RHP Pat Wiggins
Batting: RHB Edgar Garcia 0-0: Ball
1-0: Ball
2-0: Called Strike
2-1: Ball
3-1: Foul Ball, location: 2F
3-2: Base on Balls
Batting: LHB T.J. Duvall 0-0: Called Strike
Edgar Garcia steals 2nd base (no throw)
0-1: Ball
1-1: Ball
2-1: Swinging Strike
2-2: Foul Ball, location: 2F
2-2: Ball
3-2: SINGLE (Groundball, 4MD, EV 96.2 MPH)
Edgar Garcia to third
Runner from 3rd tries for Home, SAFE, throw by CF to home
T.J. Duvall to second
Batting: RHB Carlos Ballesteros 0-0: Ball
1-0: Ball
2-0: Called Strike
2-1: Ball
3-1: Base on Balls
Batting: RHB Franklin Villanueva 0-0: Called Strike
0-1: Ball
1-1: Called Strike
1-2: Grounds into double play, 5-4-3 (Groundball, 56S, EV 81.9 MPH)
T.J. Duvall to third
Batting: LHB Enrique Andrade 0-0: Ball
1-0: Ball
2-0: Ball
3-0: Base on Balls
Batting: RHB Curt Barrett 0-0: SINGLE (Flyball, 8RS, EV 87.5 MPH)
T.J. Duvall scores
Enrique Andrade to second
Runner from 2nd tries for 3rd, SAFE, throw by CF made to third
Batting: LHB Kevin Ferguson 0-0: Ball
1-0: Ball
2-0: Called Strike
2-1: Ball
3-1: Swinging Strike
3-2: Foul Ball, location: 2F
3-2: Base on Balls
Curt Barrett to second
Pitching: RHP Micah Teller
Batting: LHB Jeff Densmore 0-0: Called Strike
0-1: Called Strike
0-2: Ball
1-2: GRAND SLAM HOME RUN (Flyball, 9D, EV 98.1 MPH), Distance : 373 ft
Batting: LHB Soo-yeon Kym 0-0: Ball
1-0: Ball
2-0: Ball
3-0: Base on Balls
Batting: RHB Edgar Garcia 0-0: Ball
1-0: Ball
2-0: Ball
3-0: Called Strike
3-1: SINGLE (Groundball, 34D, EV 109.4 MPH)
Soo-yeon Kym to second
Runner from 2nd tries for 3rd, SAFE, throw by RF made to third
Batting: LHB T.J. Duvall 0-0: Ground out 3-1 (Groundball, 34S, EV 89.4 MPH)
Bottom of the 4th over - 6 runs, 4 hits, 0 errors, 2 left on base; San Jose 1 - Mobile 7
TOP OF THE 5TH
San Jose Giants batting - Pitching for Mobile BayBears : LHP Jesus Gallegos
Batting: LHB Jared Paige 0-0: Ball
1-0: Foul Ball, location: 2F
1-1: Ball
2-1: Ground out 6-3 (Groundball, 6S, EV 81.9 MPH)
Batting: LHB Cesar Arteaga 0-0: Swinging Strike
0-1: Called Strike
0-2: Strikes out swinging
Batting: RHB Cesar Martinez 0-0: Ball
1-0: Foul Ball, location: 2F
1-1: Swinging Strike
1-2: Ball
2-2: SINGLE (Flyball, 4D, EV 90.0 MPH)
Batting: RHB Dave Crouch 0-0: Ball
1-0: Foul Ball, location: 2F
1-1: Called Strike
1-2: Ball
Cesar Martinez steals 2nd base (no throw)
2-2: Ball
3-2: Fly out, F9 (Flyball, 9, EV 75.0 MPH)
Top of the 5th over - 0 runs, 1 hit, 0 errors, 1 left on base; San Jose 1 - Mobile 7
BOTTOM OF THE 5TH
Mobile BayBears batting - Pitching for San Jose Giants : RHP Micah Teller
Batting: RHB Carlos Ballesteros 0-0: Ball
1-0: Swinging Strike
1-1: Ball
2-1: Foul Ball, location: 2F
2-2: Ball
3-2: Ground out 4-3 (Groundball, 4, EV 80.0 MPH)
Batting: RHB Franklin Villanueva 0-0: Ball
1-0: Foul Ball, location: 2F
1-1: Ground out 6-3 (Groundball, 56, EV 106.2 MPH)
Batting: LHB Enrique Andrade 0-0: Ball
1-0: Foul Ball, location: 2F
1-1: Called Strike
1-2: Foul Ball, location: 2F
1-2: Strikes out swinging
Bottom of the 5th over - 0 runs, 0 hits, 0 errors, 0 left on base; San Jose 1 - Mobile 7
TOP OF THE 6TH
San Jose Giants batting - Pitching for Mobile BayBears : LHP Jesus Gallegos
Batting: RHB Mike Buchanan 0-0: Ball
1-0: Ball
2-0: Ball
3-0: Called Strike
3-1: Base on Balls
Batting: RHB Dinand Brouwer 0-0: Called Strike
0-1: Grounds into double play, 5-4-3 (Groundball, 56, EV 86.2 MPH)
Batting: RHB Justin Baldwin 0-0: Ball
1-0: Ball
2-0: Ball
3-0: Called Strike
3-1: Ground out 6-3 (Groundball, 56D, EV 101.9 MPH)
Top of the 6th over - 0 runs, 0 hits, 0 errors, 0 left on base; San Jose 1 - Mobile 7
BOTTOM OF THE 6TH
Mobile BayBears batting - Pitching for San Jose Giants : RHP Micah Teller
Batting: RHB Curt Barrett 0-0: Called Strike
0-1: Ball
1-1: Foul Ball, location: 2F
1-2: Ball
2-2: Strikes out swinging
Batting: LHB Kevin Ferguson 0-0: Foul Ball, location: 2F
0-1: Ball
1-1: Foul Ball, location: 2F
1-2: Ground out 6-3 (Groundball, 6, EV 83.1 MPH)
Batting: LHB Jeff Densmore 0-0: Ball
1-0: Fly out, F9 (Flyball, 9, EV 80.6 MPH)
Bottom of the 6th over - 0 runs, 0 hits, 0 errors, 0 left on base; San Jose 1 - Mobile 7
TOP OF THE 7TH
San Jose Giants batting - Pitching for Mobile BayBears : LHP Jesus Gallegos
Batting: RHB Nick Wicker 0-0: Ball
1-0: Called Strike
1-1: Ball
2-1: Swinging Strike
2-2: Foul Ball, location: 2F
2-2: Fly out, F9 (Line Drive, 9S, EV 87.5 MPH)
Pitching: RHP Tadatoki Yoshida
Batting: RHB Yutaka Oki 0-0: Ball
1-0: Fly out, F7 (Flyball, 7, EV 76.2 MPH)
Batting: LHB Jared Paige 0-0: Ball
1-0: SINGLE (Groundball, 34D, EV 103.1 MPH)
Batting: LHB Cesar Arteaga 0-0: Ball
1-0: SINGLE (Groundball, 3D, EV 110.6 MPH)
Jared Paige to second
Batting: RHB Cesar Martinez 0-0: Ball
1-0: Ball
2-0: Foul Ball, location: 2F
2-1: Swinging Strike
2-2: Ball
3-2: Foul Ball, location: 2F
3-2: Foul Ball, location: 2F
3-2: Foul Ball, location: 2F
3-2: SINGLE (Line Drive, 7S, EV 106.9 MPH)
Jared Paige to third
Cesar Arteaga to second
Jared Paige scores
Cesar Arteaga to third
Batting: RHB Dave Crouch 0-0: Called Strike
0-1: Ball
1-1: Ball
2-1: SINGLE (Line Drive, 34D, EV 108.1 MPH)
Cesar Arteaga scores
Cesar Martinez to second
Runner from 2nd tries for 3rd, SAFE, throw by RF made to third
Batting: RHB Mike Buchanan 0-0: Ground out 6-3 (Groundball, 6S, EV 87.5 MPH)
Top of the 7th over - 2 runs, 4 hits, 0 errors, 2 left on base; San Jose 3 - Mobile 7
BOTTOM OF THE 7TH
Mobile BayBears batting - Pitching for San Jose Giants : RHP Micah Teller
Pitching: RHP Dan Post
Batting: LHB Soo-yeon Kym 0-0: Ground out U3 (Groundball, 3, EV 86.2 MPH)
Batting: RHB Edgar Garcia 0-0: Ball
1-0: Ball
2-0: Called Strike
2-1: Swinging Strike
2-2: Strikes out looking
Batting: LHB T.J. Duvall 0-0: Ball
1-0: Called Strike
1-1: Ball
2-1: Foul Ball, location: 2F
2-2: Ball
3-2: Foul Ball, location: 2F
3-2: Base on Balls
Batting: RHB Carlos Ballesteros 0-0: Called Strike
0-1: Ball
1-1: Fielders Choice at 2nd, U4 (Groundball, 4M, EV 91.9 MPH)
Bottom of the 7th over - 0 runs, 0 hits, 0 errors, 1 left on base; San Jose 3 - Mobile 7
TOP OF THE 8TH
San Jose Giants batting - Pitching for Mobile BayBears : RHP Tadatoki Yoshida
Batting: RHB Dinand Brouwer 0-0: Called Strike
0-1: Foul Ball, location: 2F
0-2: Ball
1-2: Ball
2-2: Strikes out swinging
Batting: RHB Justin Baldwin 0-0: Foul Ball, location: 2F
0-1: Ball
1-1: Ground out 6-3 (Groundball, 6, EV 103.8 MPH)
Batting: RHB Nick Wicker 0-0: Called Strike
0-1: Ball
1-1: Foul Ball, location: 2F
1-2: Strikes out swinging
Top of the 8th over - 0 runs, 0 hits, 0 errors, 0 left on base; San Jose 3 - Mobile 7
BOTTOM OF THE 8TH
Mobile BayBears batting - Pitching for San Jose Giants : RHP Dan Post
Batting: RHB Franklin Villanueva 0-0: Ball
1-0: Ball
2-0: Ground out 4-3 (Groundball, 4MD, EV 82.5 MPH)
Batting: LHB Enrique Andrade 0-0: Called Strike
0-1: Called Strike
0-2: Ball
1-2: Ball
2-2: Ground out 6-3 (Groundball, 6S, EV 81.2 MPH)
Batting: RHB Curt Barrett 0-0: Called Strike
0-1: Foul Ball, location: 2F
0-2: Strikes out swinging
Bottom of the 8th over - 0 runs, 0 hits, 0 errors, 0 left on base; San Jose 3 - Mobile 7
TOP OF THE 9TH
San Jose Giants batting - Pitching for Mobile BayBears : RHP Tadatoki Yoshida
Pitching: RHP Rick Foster
Now in RF: Andy Cunningham
Batting: RHB Yutaka Oki 0-0: Ground out 4-3 (Groundball, 4, EV 85.6 MPH)
Batting: LHB Jared Paige 0-0: SINGLE (Line Drive, 3D, EV 96.9 MPH)
Batting: LHB Cesar Arteaga 0-0: Ball
1-0: Fielders Choice at 2nd, 1-4 (Groundball, 15, EV 65.0 MPH)
Batting: RHB Cesar Martinez 0-0: Ball
Wild Pitch!
Cesar Arteaga to second
1-0: Called Strike
1-1: Foul Ball, location: 2F
1-2: Foul Ball, location: 2F
1-2: Foul Ball, location: 2F
1-2: Ball
2-2: Foul Ball, location: 2F
2-2: Fly out, F8 (Flyball, 8LD, EV 95.6 MPH)
Top of the 9th over - 0 runs, 1 hit, 0 errors, 1 left on base; San Jose 3 - Mobile 7
Thursday, December 15th , 2022 - OOTP Baseball 23.9 Build 102